 Dungeon Crawl Stone Soup version 0.24.0-13-gcf9b3192b9 (webtiles) character file.

Game seed: 793189277063810804, levelgen mode: deterministic

84 Peloso the Shield-Bearer (level 4, -1/40 HPs)
             Began as a Minotaur Fighter on Nov 10, 2019.
             Killed from afar by Sigmund (9 damage)
             ... with a magic dart
             ... on level 4 of the Dungeon.
             The game lasted 00:01:57 (642 turns).

Peloso the Shield-Bearer (Minotaur Fighter)          Turns: 642, Time: 00:01:57

Health: -1/40      AC:  7    Str: 20    XL:     4   Next: 23%
Magic:  3/3        EV:  8    Int:  5    God:
Gold:   60         SH:  9    Dex: 11    Spells: 3/3 levels left

rFire    . . .     SeeInvis .   a - +0 long sword
rCold    . . .     Gourm    .   c - +0 shield
rNeg     . . .     Faith    .   b - +0 scale mail
rPois    .         Spirit   .   (helmet restricted)
rElec    .         Reflect  .   (no cloak)
rCorr    .         Harm     .   (no gloves)
MR       .....                  (no boots)
Stlth    ..........             (no amulet)
HPRegen  0.13/turn              (no ring)
MPRegen  0.08/turn              (no ring)

@: no status effects
A: retaliatory headbutt, horns 2
a: no special abilities


You were on level 4 of the Dungeon.
You were not hungry.

You visited 1 branch of the dungeon, and saw 3 of its levels.

You collected 60 gold pieces.

Inventory:

Hand Weapons
 a - a +0 long sword (weapon)
Armour
 b - a +0 scale mail (worn)
 c - a +0 shield (worn)
Scrolls
 e - 3 scrolls of identify {unknown}
Potions
 d - a potion of might
Comestibles
 f - a ration


   Skills:
 + Level 4.0 Fighting
 + Level 3.3 Long Blades
 + Level 4.3 Armour
 + Level 1.0 Dodging
 + Level 4.6 Shields


You had 3 spell levels left.
You didn't know any spells.
Your spell library was empty.

Dungeon Overview and Level Annotations

Branches:
Dungeon (2/15)

Altars:

Annotations:
D:4 Sigmund


Innate Abilities, Weirdness & Mutations

You reflexively headbutt those who attack you in melee.
You have a pair of horns on your head.


Message History

You hit the jackal. Your headbutt misses the jackal.
The jackal is almost dead.
The jackal closely misses you. You furiously retaliate!
You headbutt the jackal.
You kill the jackal!
Your Dodging skill increases to level 1!
The crimson imp blinks!
Something hits you!
You hit the orc.
The orc is severely wounded.
The orc hits you with a +0 hand axe. Something hits you but does no damage.
You hit the orc. You headbutt the orc.
You kill the orc!
Something hits you!
* * * LOW HITPOINT WARNING * * *
Things that are here:
a +0 hand axe; a jackal corpse x2
You hear some strange, mumbled words.
A magic dart appears from out of thin air!
The magic dart hits you!
You die...

##.. ##. #... . ..
##... ... .... ##...
.... # #.# ###...#
..?. .#..
###.....#..... ...
#....#..#......!. #.
#.)..)##.?........##.
##..@{.......5....#..
##...............#..
#..................
#.....#............
#....###...........
#..####....#.......
##....h....#.......
#..h............##
####..............


There were no monsters in sight!

Vanquished Creatures
  A hound (D:4)
  An adder (D:2)
  2 dart slugs (D:1)
  2 orcs (D:4)
  3 giant cockroaches (D:1)
  5 goblins (D:1)
  4 hobgoblins (D:1)
  4 jackals (D:4)
  3 kobolds
  A ball python (D:1)
  6 bats
  3 frilled lizards (D:1)
  A leopard gecko skeleton (D:4)
  2 rats (D:1)
38 creatures vanquished.

Notes
Turn   | Place    | Note
-------+----------+-------------------------------------------
     0 | D:1      | Peloso the Minotaur Fighter began the quest for the Orb.
     0 | D:1      | Reached XP level 1. HP: 19/19 MP: 0/0
   138 | D:1      | Reached XP level 2. HP: 18/27 MP: 1/1
   346 | D:1      | Reached XP level 3. HP: 30/33 MP: 2/2
   583 | D:2      | You fall into a shaft and drop 2 floors!
   601 | D:4      | Noticed Sigmund
   603 | D:4      | Reached XP level 4. HP: 33/40 MP: 3/3
   638 | D:4      | Reached skill level 1 in Dodging
   642 | D:4      | Killed from afar by Sigmund

Levels and vault maps discovered:
D:1:      lightli_arrival_quake, layout_rooms, kennysheep_another_room,
          hangedman_decor_clover_reticule
D:2:      layout_basic, uniq_terence, uniq_natasha
D:4:      layout_cave_pools, grunt_temple_overflow_diamond,
          minmay_temple_entry_antechambers, uniq_sigmund, uniq_pikel

Skill      XL: |  1  2  3  4 |
---------------+-------------+-----
Armour         | 4 |  4.3
Shields        | 4 |  4.6
Fighting       | 4 |  4.0
Long Blades    | 3 |  3.3
Dodging        | 1 |  1.0

Action                   |  1- 3 |  4- 6 || total
-------------------------+-------+-------++-------
Melee: Long sword        |    80 |     9 ||    89
       Headbutt          |     6 |     2 ||     8
  Use: Potion            |     1 |       ||     1
Armor: Scale mail        |    44 |    13 ||    57
Dodge: Dodged            |    27 |    10 ||    37
Block: Shield            |    60 |     9 ||    69
       Rpst.: Long sword |     7 |     3 ||    10
